 Dungeon Crawl Stone Soup version 0.27.0-1-g7a089689b8 (webtiles) character file.

Game seed: 13265757587554871880

43 SnakkuSnakku7 the Skirmisher (level 3, -16/30 HPs)
             Began as a Ghoul Arcane Marksman on Aug 4, 2021.
             Demolished by a small abomination (18 damage)
             ... created by the touch of Lugonu
             ... on level 1 of the Dungeon.
             The game lasted 00:02:01 (1332 turns).

SnakkuSnakku7 the Skirmisher (GhAM)                 Turns: 1332, Time: 00:02:02

Health: -16/30     AC:  5    Str: 14    XL:     3   Next: 58%
Magic:  3/3        EV: 10    Int:  8    God:
Gold:   38         SH:  0    Dex:  9    Spells: 3/4 levels left

rFire    . . .     SeeInvis .     - Unarmed
rCold    + . .     Faith    .   (no shield)
rNeg     + + +     Spirit   .   d - +0 ring mail
rPois    ∞         Reflect  .   (no helmet)
rElec    .         Harm     .   (no cloak)
rCorr    .         Rampage  .   (no gloves)
Will     .....                  (no boots)
Stlth    ..........             (no amulet)
HPRegen  0.00/turn              (no ring)
MPRegen  0.08/turn              (no ring)

@: inhibited regen
A: claws 1, cold resistance 1, negative energy resistance 3, inhibited
regeneration, torment resistance 2
a: no special abilities


You were on level 1 of the Dungeon.
You visited 1 branch of the dungeon, and saw 2 of its levels.

You collected 38 gold pieces.

Inventory:

Missiles
 b - 5 javelins (quivered)
Armour
 a - a +0 robe
 d - a +0 ring mail (worn)
Scrolls
 e - a scroll of identify {unknown}
 f - 2 scrolls of teleportation {unknown}
 h - a scroll of amnesia {unknown}
 i - a scroll of immolation {unknown}
Potions
 g - a potion of might {unknown}


   Skills:
 + Level 2.7 Fighting
 - Level 1.7 Throwing
 - Level 1.7 Dodging
 + Level 2.2 Unarmed Combat
 - Level 1.0 Spellcasting
 - Level 2.4 Hexes


You had 3 spell levels left.
You knew the following spells:

 Your Spells              Type           Power      Damage    Failure   Level
a - Corona                Hex            4%         N/A       30%         1

Your spell library contained the following spells:

 Spells                   Type           Power      Damage    Failure   Level
 Slow                     Hex            4%         N/A       43%         2
 Inner Flame              Hex/Fire       2%         N/A       83%         3
 Portal Projectile        Hex/Tloc       4%         N/A       83%         3
 Cause Fear               Hex            2%         N/A       97%         4


Dungeon Overview and Level Annotations

Branches:
Dungeon (2/15)

Altars:
Lugonu

Annotations:
D:2 Sigmund


Innate Abilities, Weirdness & Mutations

You thrive by killing the living.
You are immune to poison.
You have sharp fingernails.
Your flesh is cold resistant. (rC+)
You are immune to negative energy. (rN+++)
You do not regenerate when monsters are visible.
You are immune to unholy pain and torment.


Message History

You feel better.
You now have 38 gold pieces (gained 14).
Things that are here:
a +0 mace; a hobgoblin corpse You start resting.
A jackal is nearby!
The jackal barks!
The jackal bites you but does no damage.
You closely miss the jackal. The jackal closely misses you.
You closely miss the jackal.
The jackal bites you but does no damage.
The jackal bites you.
You scratch the jackal.
The jackal is severely wounded.
The jackal closely misses you.
You barely miss the jackal.
The jackal is severely wounded.
The jackal bites you but does no damage. x2
You scratch the jackal.
You kill the jackal!
You start resting.
Lugonu's wrath scatters you! Space warps around you!
You are suddenly yanked towards a nearby monster!
Your surroundings suddenly seem different.
Lugonu sends minions to punish you.
A small abomination comes into view.
Unknown command.
Unknown command.
The small abomination hits you! The small abomination hits you!!
Ouch! That really hurt!
* * * LOW HITPOINT WARNING * * *
Press: ? - help, v - describe, . - travel
Here: a small abomination (durably summoned)
The floor.
The small abomination closely misses you.
The small abomination hits you!!
Ouch! That really hurt!
You die...

_...#..##.....).....# #..#.###.##
.8.....##.#.........# ##.#.##..#
...#...##...#.......## #.#..#.#
...#...##..###.......###.##.#.#
.....#....###.........##.##.#.#
######....# #.......#..#.##...# #
#...## #.......##........# #...#
##.....#####......#
####...####..x@.............#
###............x.######.#.....#
..........#.......# #.#....?###
####..........[...# #..........
#..............# #......#...
###.#####.....## #...^...##.
#####.#####.....## #..........
#................## #...§......
##.................####.......###


You could see 2 small abominations.

Vanquished Creatures
  A dart slug (D:1)
  A ball python (D:1)
  3 endoplasms (D:1)
  9 hobgoblins
  9 jackals
  A quokka (D:1)
  A bat (D:1)
  2 frilled lizards (D:1)
  3 goblins (D:1)
  2 kobolds (D:1)
  3 rats (D:1)
35 creatures vanquished.

Notes
Turn   | Place    | Note
-------+----------+-------------------------------------------
     0 | D:1      | SnakkuSnakku7 the Ghoul Arcane Marksman began the quest for
                  | the Orb.
     0 | D:1      | Reached XP level 1. HP: 16/16 MP: 1/1
    60 | D:1      | Reached skill level 1 in Unarmed Combat
    60 | D:1      | Reached XP level 2. HP: 11/24 MP: 2/2
   459 | D:1      | Found a faded altar of an unknown god.
   469 | D:1      | Became a worshipper of Lugonu the Unformed
   469 | D:1      | Reached * piety under Lugonu
   469 | D:1      | Reached ** piety under Lugonu
   477 | D:1      | Reached XP level 3. HP: 29/29 MP: 3/3
   481 | D:1      | Fell from the grace of Lugonu
   676 | D:1      | Noticed a small abomination
  1061 | D:2      | Noticed Sigmund
  1323 | D:1      | Noticed a small abomination
  1332 | D:1      | Demolished by a small abomination

Illustrated notes

Levels and vault maps discovered:
D:1:      saegor_arrival_simple_c, layout_rooms,
          dreamdust_ecumenical_altar_statues
D:2:      layout_basic, basic_altar, grunt_ministairs_3,
          grunt_decor_mini_mirrors, nrook_campfire, uniq_sigmund

Skill      XL: |  1  2  3 |
---------------+----------+-----
Unarmed Combat | 1 2 |  2.2
Fighting       | 2 |  2.7
Throwing       | |  1.7
Dodging        | |  1.7
Spellcasting   | |  1.0
Hexes          | |  2.4

Action                   || total
-------------------------++-------
Melee: Unarmed           ||   129
Throw: Throwing net      ||     2
Invok: Renounce Religion ||     1
Armor: Robe              ||    11
       Ring mail         ||    34
Dodge: Dodged            ||    83
